[Event "Titled Tuesday Blitz August 31 2021"]
[White "Terry, Renato"]
[Black "Daianu, Cristian-Clement"]
[WhiteFideId "3803457"]
[BlackFideId "1208926"]
[WhiteElo "2581"]
[BlackElo "2133"]
[Result "1-0"]
[Round "01"]
[TimeControl "180+1"]
[Date "2021.08.31"]
[WhiteClock "0:00:06"]
[BlackClock "0:00:06"]

1. e4 c5 2. Nf3 d6 3. Bb5+ Nd7 4. d4 cxd4 5. Qxd4 h6 6. Nc3 Nf6 7. e5 dxe5 8. Nxe5 a6 9. Be2 Nxe5 10. Qxe5 e6 11. Bf4 Be7 12. Qc7 Qxc7 13. Bxc7 Bd7 14. O-O-O Rc8 15. Be5 Bc6 16. Rhg1 O-O 17. g4 Nd7 18. Bf4 b5 19. a3 Bf6 20. g5 hxg5 21. Bxg5 Bxc3 22. bxc3 f6 23. Bh6 Rf7 24. Rd6 Nf8 25. c4 Be4 26. Rxa6 bxc4 27. Ra4 Bd5 28. Be3 Rb7 29. Rb4 Rxb4 30. axb4 c3 31. Ba6 Ra8 32. b5 Bc4 33. Kb1 Kf7 34. Rg4 Bd5 35. Bd4 Nd7 36. Rg3 Nb8 37. Bc8 Ra5 38. b6 Rb5+ 39. Kc1 e5 40. Bxc3 Rxb6 41. Rd3 Be6 42. Rd8 Bxc8 43. Rxc8 Nd7 44. Rc7 Ke6 45. Ba5 Rb5 46. Bd2 g5 47. h3 Rc5 48. Ra7 Nb6 49. Ra6 Rc6 50. Be3 Kd5 51. Rxb6 Rxb6 52. Bxb6 Ke4 53. Bd8 Kf3 54. Bxf6 1-0


[Site "https://www.chess.com"]

[Event "Titled Tuesday Blitz August 31 2021"]
[White "Timofeev, Artyom"]
[Black "Malka, Samuel"]
[WhiteFideId "4140419"]
[BlackFideId "20643675"]
[WhiteElo "2582"]
[BlackElo "2442"]
[Result "1-0"]
[Round "01"]
[TimeControl "180+1"]
[Date "2021.08.31"]
[WhiteClock "0:00:54"]
[BlackClock "0:00:02"]

1. c4 Nf6 2. Nc3 g6 3. g3 Bg7 4. Bg2 O-O 5. d3 c6 6. e4 d6 7. Nge2 a5 8. O-O Na6 9. h3 Rb8 10. Be3 b5 11. cxb5 cxb5 12. Rc1 b4 13. Nb1 Bb7 14. Nd2 e5 15. Nc4 d5 16. Bb6 Qe7 17. Nxa5 Ba8 18. Nc6 Qd6 19. Nxb8 Qxb6 20. Nxa6 Qxa6 21. exd5 Bxd5 22. Bxd5 Nxd5 23. Qb3 Rd8 24. Rfd1 h5 25. h4 g5 26. hxg5 h4 27. gxh4 Qe6 28. Qc4 Qf5 29. Qe4 Qe6 30. d4 f5 31. gxf6 Nxf6 32. Qxe5 Qg4+ 33. Ng3 Qxh4 34. Qe6+ Kh8 35. Kg2 Nh7 36. Rh1 Qxd4 37. Rcd1 Qxd1 38. Rxd1 Rxd1 39. Qe8+ Bf8 40. a4 bxa3 41. bxa3 Ra1 42. a4 Kg8 43. Qe6+ Kh8 44. Qe5+ Bg7 45. Qb8+ Bf8 46. Qb5 Kg8 47. a5 Nf6 48. a6 Nh7 49. Qd5+ Kg7 50. Qd4+ 1-0


[Site "https://www.chess.com"]

[Event "Titled Tuesday Blitz August 31 2021"]
[White "Tsaruk, Maksim"]
[Black "Nilsen, Tobias Lang"]
[WhiteFideId "13511173"]
[BlackFideId "1521624"]
[WhiteElo "2184"]
[BlackElo "1975"]
[Result "1-0"]
[Round "01"]
[TimeControl "180+1"]
[Date "2021.08.31"]
[WhiteClock "0:01:33"]
[BlackClock "0:01:26"]

1. d4 Nf6 2. Nf3 c5 3. d5 e6 4. Nc3 exd5 5. Nxd5 Nxd5 6. Qxd5 d6 7. e4 Nc6 8. Ng5 Qf6 9. Bc4 Ne5 10. Bb5+ Nd7 11. O-O h6 12. Nf3 Be7 13. e5 dxe5 14. Nxe5 Qd6 15. Qxf7+ Kd8 16. Bxd7 Bxd7 17. Bf4 Rf8 18. Qxf8+ Bxf8 19. Nf7+ Kc7 20. Nxd6 Bxd6 21. Bxd6+ Kxd6 22. Rad1+ Ke7 23. Rd2 Be6 24. Re1 Kf7 25. Re3 Re8 26. b3 c4 27. f4 cxb3 28. cxb3 Rc8 29. g3 h5 30. Kf2 Bg4 31. Re5 Rc1 32. Kg2 Rc7 33. h3 Bd7 34. Rxh5 Bc6+ 35. Kf2 Re7 36. Re5 Rc7 37. g4 Rc8 38. Kg3 Rc7 39. h4 Rc8 40. h5 Rc7 41. Kh4 Kg8 42. Kg5 a5 43. Rd8+ Kf7 44. f5 a4 45. bxa4 Bxa4 46. h6 gxh6+ 47. Kxh6 Rc6+ 48. Re6 Rc1 49. Rdd6 Bc6 50. Kg5 Rc2 51. a3 Rc3 52. Rh6 Kg7 53. Rdg6+ Kf7 54. Rh7+ Kf8 55. Rd6 Kg8 56. Rc7 Re3 57. Rd8+ Be8 58. Rcc8 Kf7 59. Rxe8 Rxa3 60. Rf8+ Ke7 61. f6+ Ke6 62. Rce8+ Kd7 63. f7 Ra4 64. Rd8+ Kc6 65. Rfe8 Kb6 66. f8=Q Ra5+ 67. Kg6 Rc5 68. Qf2 Kb5 69. Qb2+ Kc4 70. Re4# 1-0


[Site "https://www.chess.com"]

[Event "Titled Tuesday Blitz August 31 2021"]
[White "Tymrakiewicz, Rafal"]
[Black "FGHSMN"]
[WhiteFideId "1108832"]
[WhiteElo "2172"]
[BlackElo "2676"]
[Result "1-0"]
[Round "01"]
[TimeControl "180+1"]
[Date "2021.08.31"]
[WhiteClock "0:00:39"]
[BlackClock "0:00:29"]

1. d4 Nf6 2. Bg5 Ne4 3. Bf4 c5 4. e3 d6 5. Nf3 g6 6. Nbd2 Nxd2 7. Qxd2 cxd4 8. exd4 Bg7 9. Bh6 O-O 10. h4 Bg4 11. h5 Bxh5 12. Rxh5 Bxh6 13. Rxh6 Nc6 14. Bc4 d5 15. Bd3 e5 16. dxe5 Qe7 17. O-O-O Nxe5 18. Nxe5 Qxe5 19. Rdh1 Qg7 20. Qf4 Rfe8 21. Rxh7 Qxh7 22. Rxh7 Kxh7 23. Qxf7+ Kh8 24. Bxg6 1-0


[Site "https://www.chess.com"]

[Event "Titled Tuesday Blitz August 31 2021"]
[White "Urazayev, Arystanbek"]
[Black "Navarro, Tiago Cunha"]
[WhiteFideId "13709810"]
[BlackFideId "2106280"]
[WhiteElo "2321"]
[BlackElo "2148"]
[Result "1-0"]
[Round "01"]
[TimeControl "180+1"]
[Date "2021.08.31"]
[WhiteClock "0:00:13"]
[BlackClock "0:00:14"]

1. e4 d5 2. exd5 Nf6 3. c4 c6 4. Nc3 cxd5 5. d4 Nc6 6. Nf3 Bg4 7. cxd5 Nxd5 8. Qb3 Bxf3 9. gxf3 Nb6 10. d5 Nd4 11. Qd1 e5 12. dxe6 fxe6 13. Be3 Nf5 14. Bb5+ Kf7 15. Qxd8 Rxd8 16. Ke2 Bb4 17. Ne4 Nxe3 18. fxe3 Rd5 19. Bd3 Rhd8 20. Rhd1 h6 21. Bc2 Be7 22. Bb3 Rxd1 23. Bxd1 e5 24. Bb3+ Kf8 25. Rc1 Rc8 26. Rg1 a6 27. Rg6 Rc6 28. Rxc6 bxc6 29. Kd3 Ke8 30. Ng3 Kd7 31. Ke4 Bf6 32. Ne2 Kd6 33. Ng3 Nd5 34. Bc4 a5 35. Kd3 g6 36. Ne4+ Ke7 37. Nxf6 Kxf6 38. Ke4 Ke6 39. a3 Kd6 40. Kd3 Ne7 41. Kd2 Kc5 42. Bd3 Kd5 43. Kc3 Kd6 44. b4 axb4+ 45. Kxb4 g5 46. Be4 Nc8 47. a4 Na7 48. a5 c5+ 49. Kc4 h5 50. a6 g4 51. fxg4 hxg4 52. Bf5 Nc6 53. Bxg4 e4 54. Bf5 Ne5+ 55. Kb5 c4 56. a7 c3 57. Bxe4 c2 58. Bxc2 Nc6 59. a8=Q Ne5 60. e4 Ke6 61. Qd5+ Kf6 62. Bb3 Ng6 63. Qf5+ Kg7 64. Bf7 Ne7 65. Qe6 Kf8 66. h4 Nc8 67. Qxc8+ Kg7 68. Qf5 Kf8 69. e5 Kg7 70. e6 Kf8 71. h5 Ke7 72. h6 Kd6 73. h7 Ke7 74. h8=Q Kd6 75. Qd8# 1-0


[Site "https://www.chess.com"]

[Event "Titled Tuesday Blitz August 31 2021"]
[White "Wachinger, Guenther"]
[Black "Kollars, Dmitrij"]
[WhiteFideId "4604261"]
[BlackFideId "12909572"]
[WhiteElo "2212"]
[BlackElo "2576"]
[Result "0-1"]
[Round "01"]
[TimeControl "180+1"]
[Date "2021.08.31"]
[WhiteClock "0:00:08"]
[BlackClock "0:00:13"]

1. e4 e6 2. d4 d5 3. Nd2 c5 4. exd5 Qxd5 5. Ngf3 cxd4 6. Bc4 Qd7 7. O-O Nc6 8. Nb3 a6 9. Nbxd4 Nxd4 10. Nxd4 Bc5 11. Be3 Qc7 12. Be2 Ne7 13. Bf3 O-O 14. Qe2 e5 15. Nb3 Bxe3 16. Qxe3 Nf5 17. Qc5 Qxc5 18. Nxc5 Nd4 19. Be4 Rb8 20. c3 Ne6 21. Nxe6 Bxe6 22. Rad1 f5 23. Bd5 Rfe8 24. Bxe6+ Rxe6 25. Rd7 b5 26. Rfd1 Rbe8 27. Ra7 R8e7 28. Rxe7 Rxe7 29. Rd6 Kf7 30. Rxa6 Rd7 31. g3 Rd1+ 32. Kg2 Rd2 33. b4 e4 34. Kf1 g5 35. Rb6 f4 36. gxf4 gxf4 37. Rxb5 f3 38. Ke1 Re2+ 39. Kf1 Rxa2 40. Ke1 Re2+ 41. Kf1 Rc2 42. Ke1 Re2+ 43. Kf1 Ke6 44. Rh5 Rc2 45. Ke1 Re2+ 46. Kf1 Ra2 47. Ke1 h6 48. b5 Re2+ 49. Kf1 Rc2 50. b6 Rc1# 0-1


[Site "https://www.chess.com"]

[Event "Titled Tuesday Blitz August 31 2021"]
[White "Yanchenko, Roman"]
[Black "Gvanceladze, Anna"]
[WhiteFideId "4137329"]
[BlackFideId "4113721"]
[WhiteElo "2514"]
[BlackElo "1950"]
[Result "1/2-1/2"]
[Round "01"]
[TimeControl "180+1"]
[Date "2021.08.31"]
[WhiteClock "0:00:03"]
[BlackClock "0:00:18"]

1. d4 e6 2. c4 d5 3. Nf3 c6 4. Nc3 f5 5. Bg5 Nf6 6. e3 Be7 7. Rc1 O-O 8. Bd3 Bd7 9. Ne5 Be8 10. O-O Nbd7 11. f4 Nxe5 12. fxe5 Ne4 13. Bxe7 Qxe7 14. Bxe4 fxe4 15. Rxf8+ Qxf8 16. c5 Bg6 17. b4 a6 18. a4 Qe7 19. Qg4 Rf8 20. Rf1 Bf5 21. Qg3 h6 22. h3 Qd8 23. Kh2 Qe7 24. Rf4 g5 25. Rf1 Bg6 26. Rxf8+ Qxf8 27. Qe1 Qf5 28. b5 axb5 29. axb5 g4 30. hxg4 Qxg4 31. b6 Qh5+ 32. Kg1 Qg5 33. Qf2 Bf5 34. Na2 Qh5 35. Qg3+ Kf7 36. Qe1 Ke7 37. Nc1 Bg4 38. Nb3 Qg5 39. Qf2 Bf3 40. Na5 Kd7 41. Nxb7 Kc8 42. Nd6+ Kb8 43. Kf1 Qg4 44. Ke1 h5 45. Kf1 h4 46. Ke1 h3 47. gxh3 Qxh3 48. Kd2 Qh1 49. Kc2 Qa1 50. Qg3 Qa2+ 51. Kc1 Qa1+ 52. Kc2 Qa2+ 53. Kc3 Qa3+ 54. Kc2 Qa2+ 1/2-1/2


[Site "https://www.chess.com"]

[Event "Titled Tuesday Blitz August 31 2021"]
[White "Yirik, Volkan"]
[Black "Demidov, Mikhail"]
[WhiteFideId "6300782"]
[BlackFideId "4197143"]
[WhiteElo "2417"]
[BlackElo "2559"]
[Result "0-1"]
[Round "01"]
[TimeControl "180+1"]
[Date "2021.08.31"]
[WhiteClock "0:01:21"]
[BlackClock "0:01:39"]

1. e4 g6 2. Nc3 Bg7 3. d4 a6 4. a4 d6 5. Be3 Nf6 6. f3 Nc6 7. Nge2 e5 8. Qd2 exd4 9. Nxd4 O-O 10. Nxc6 bxc6 11. Bd3 Re8 12. O-O a5 13. Bh6 Bh8 14. Bg5 Ba6 15. Qf4 Bxd3 16. cxd3 Rb8 17. Rab1 Nh5 18. Qh4 Bf6 19. Bxf6 Qxf6 20. Qxf6 Nxf6 21. Rfe1 Rb3 22. Re2 Reb8 23. Rc2 Nd7 24. Kf2 Ne5 25. Ke2 Kf8 26. f4 Nd7 27. Kd2 Ke7 28. Ne2 c5 29. d4 R8b4 30. dxc5 Nxc5 31. Nc3 Kd7 32. Ke3 Nxa4 33. Ra1 Rxb2 34. Rxb2 Nxb2 35. Rxa5 Nc4+ 0-1


[Site "https://www.chess.com"]

[Event "Titled Tuesday Blitz August 31 2021"]
[White "Zhigalko, Sergei"]
[Black "Jovic, Stanoje"]
[WhiteFideId "13502956"]
[BlackFideId "905020"]
[WhiteElo "2662"]
[BlackElo "2286"]
[Result "1-0"]
[Round "01"]
[TimeControl "180+1"]
[Date "2021.08.31"]
[WhiteClock "0:01:19"]
[BlackClock "0:00:22"]

1. e4 c6 2. d4 d5 3. e5 c5 4. Nf3 Nc6 5. dxc5 Bg4 6. c3 e6 7. Be3 Nge7 8. Bb5 Ng6 9. Bxc6+ bxc6 10. Qa4 Bxf3 11. Qxc6+ Ke7 12. Qb7+ Ke8 13. Qc6+ Ke7 14. Qb7+ Ke8 15. gxf3 Nxe5 16. Nd2 Qc8 17. Qxc8+ Rxc8 18. b4 g6 19. Bd4 Nd3+ 20. Ke2 Nf4+ 21. Kd1 Rg8 22. Kc2 Bg7 23. Rhe1 Kd7 24. Bxg7 Rxg7 25. Nb3 f6 26. Rad1 h5 27. c4 Rb8 28. a3 Kc7 29. Rd4 e5 30. Rxf4 exf4 31. cxd5 g5 32. Nd4 Rf7 33. d6+ Kd7 34. Kc3 Re8 35. c6+ 1-0


[Site "https://www.chess.com"]

[Event "Titled Tuesday Blitz August 31 2021"]
[White "Zierk, Steven"]
[Black "Odegov, Artem"]
[WhiteFideId "2034255"]
[BlackFideId "34183644"]
[WhiteElo "2494"]
[BlackElo "2257"]
[Result "1-0"]
[Round "01"]
[TimeControl "180+1"]
[Date "2021.08.31"]
[WhiteClock "0:00:13"]
[BlackClock "0:00:05"]

1. b3 Nf6 2. Bb2 g6 3. Nf3 Bg7 4. g3 O-O 5. Bg2 d6 6. d4 Nbd7 7. O-O c5 8. c4 Rb8 9. Nc3 a6 10. a4 Qa5 11. Qd2 cxd4 12. Nxd4 Nc5 13. Ba3 Qc7 14. b4 Ne6 15. Rac1 Qxc4 16. e3 Nxd4 17. exd4 Qb3 18. Ra1 Bf5 19. Rfe1 Rfc8 20. Re3 Ng4 21. Bd5 Rc4 22. Rf3 Bh6 23. Qe2 Qxc3 24. Rxc3 Rxc3 25. Qxe7 Bg7 26. Bxf7+ Kh8 27. Qxd6 Rbc8 28. Be6 R3c6 29. Bxf5 Rxd6 30. Bxc8 Rxd4 31. Bxb7 Rd7 32. Rc1 Bd4 33. Bc8 Nxf2 34. Kg2 Re7 35. Rc4 Ba7 36. Bb2+ Kg8 37. Rc6 Nd3 38. Be6+ Kf8 39. Bf6 Re8 40. Rxa6 Ne1+ 41. Kh3 Be3 42. b5 Nf3 43. Rc6 Ng5+ 44. Bxg5 Bxg5 45. b6 Be3 46. b7 Ba7 47. a5 Rxe6 48. Rxe6 1-0


[Site "https://www.chess.com"]

[Event "Titled Tuesday Blitz August 31 2021"]
[White "Zong, Davis"]
[Black "Timmermans, Mark"]
[WhiteFideId "30903955"]
[BlackFideId "1026399"]
[WhiteElo "2392"]
[BlackElo "2460"]
[Result "0-1"]
[Round "01"]
[TimeControl "180+1"]
[Date "2021.08.31"]
[WhiteClock "0:00:08"]
[BlackClock "0:00:27"]

1. d4 Nf6 2. c4 e6 3. g3 d5 4. Bg2 Be7 5. Nf3 O-O 6. O-O dxc4 7. Na3 b6 8. Ne5 Nd5 9. Naxc4 Bb7 10. e3 Nd7 11. Bd2 c5 12. Nxd7 Qxd7 13. Ne5 Qc7 14. Rc1 Rac8 15. Nd3 Ba6 16. Qc2 cxd4 17. Qxc7 Nxc7 18. Rc6 Nd5 19. Rxc8 Rxc8 20. Rc1 dxe3 21. fxe3 Rd8 22. Ne5 Bc5 23. Nc6 Rd7 24. Nb8 Rd8 25. Nxa6 Bxe3+ 26. Bxe3 Nxe3 27. Bf3 g6 28. Kf2 Nf5 29. Rc2 Nd4 30. Rd2 e5 31. Nb4 Rc8 32. Be4 f5 33. Bd5+ Kg7 34. a3 Kf6 35. Ba2 Rc1 36. Nd5+ Kg7 37. Ne3 h5 38. h4 Kf6 39. Bc4 g5 40. Nd5+ Kg6 41. Bd3 gxh4 42. gxh4 Rh1 43. Kg3 Rxh4 44. Kxh4 Nf3+ 45. Kg3 Nxd2 46. Ne7+ Kg5 47. Nxf5 e4 48. Be2 Kxf5 49. Bxh5 Nc4 50. Be2 Nxb2 51. Bf1 Ke5 52. Kf2 Kd4 53. Ke2 Nc4 54. Bg2 Nxa3 55. Bh3 Nc4 56. Bd7 a6 57. Bc8 a5 58. Bd7 Nd6 59. Bc6 b5 60. Be8 b4 61. Ba4 Nc4 62. Bb3 Nb6 63. Bd1 a4 64. Kd2 Nc4+ 65. Ke2 b3 0-1


[Site "https://www.chess.com"]

[Event "Titled Tuesday Blitz August 31 2021"]
[White "Zubov, Alexander"]
[Black "Leenhouts, Koen"]
[WhiteFideId "14109409"]
[BlackFideId "1008439"]
[WhiteElo "2740"]
[BlackElo "2409"]
[Result "1-0"]
[Round "01"]
[TimeControl "180+1"]
[Date "2021.08.31"]
[WhiteClock "0:00:48"]
[BlackClock "0:00:49"]

1. e4 c5 2. Nf3 e6 3. d4 cxd4 4. Nxd4 Nc6 5. Nc3 Qc7 6. Be2 a6 7. O-O Nf6 8. Be3 Be7 9. a4 d6 10. Nb3 Na5 11. Nxa5 Qxa5 12. Qd2 Bd7 13. f4 Bc6 14. Bf3 Qc7 15. a5 O-O 16. Kh1 Rac8 17. Qf2 d5 18. e5 Ne4 19. Nxe4 dxe4 20. Be2 Bd5 21. c4 Bc6 22. Bb6 Qb8 23. Qe3 Bb4 24. Rad1 Be7 25. Qc3 Bd8 26. Bc5 Re8 27. Bd6 Qa8 28. c5 Bd5 29. f5 exf5 30. Rxd5 1-0


[Site "https://www.chess.com"]

[Event "Titled Tuesday Blitz August 31 2021"]
[White "Alavkin, Arseny"]
[Black "Timofeev, Artyom"]
[WhiteFideId "4120612"]
[BlackFideId "4140419"]
[WhiteElo "2391"]
[BlackElo "2582"]
[Result "0-1"]
[Round "02"]
[TimeControl "180+1"]
[Date "2021.08.31"]
[WhiteClock "0:00:49"]
[BlackClock "0:01:23"]

1. d4 Nf6 2. Bf4 g6 3. Nc3 Bg7 4. e4 d6 5. Nf3 O-O 6. Qd2 a6 7. O-O-O b5 8. e5 b4 9. Ne2 dxe5 10. dxe5 Qxd2+ 11. Bxd2 Nd5 12. Nf4 Nxf4 13. Bxf4 Bb7 14. Bc4 e6 15. Bb3 a5 16. Bc4 Na6 17. Bxa6 Rxa6 18. Rd7 Bxf3 19. gxf3 Rc6 20. Re1 h5 21. h4 Kh7 22. Re4 Bh6 23. Bxh6 Kxh6 24. Rf4 Kg7 25. Rfd4 g5 26. hxg5 Kg6 27. f4 Kf5 28. Rd8 Rxd8 29. Rxd8 Kxf4 30. Rf8 Kxg5 31. Rxf7 h4 32. f4+ Kg4 33. Rh7 h3 34. Kd2 Rc4 35. f5 exf5 36. e6 Re4 37. e7 f4 38. Kd3 Re6 39. Kd4 f3 40. Kd5 Re1 41. Rg7+ Kf4 42. Rf7+ Kg3 43. Rg7+ Kf2 44. Rh7 Kg2 45. Rg7+ Kf1 46. Rh7 f2 47. Rxh3 Rxe7 48. Kc5 Kg2 49. Rh7 Rxh7 0-1


[Site "https://www.chess.com"]

[Event "Titled Tuesday Blitz August 31 2021"]
[White "Aldokhin, Ivan"]
[Black "Eljanov, Pavel"]
[WhiteFideId "24115720"]
[BlackFideId "14102951"]
[WhiteElo "2306"]
[BlackElo "2602"]
[Result "0-1"]
[Round "02"]
[TimeControl "180+1"]
[Date "2021.08.31"]
[WhiteClock "0:00:08"]
[BlackClock "0:00:58"]

1. e4 c6 2. Nc3 d5 3. Nf3 dxe4 4. Nxe4 Nf6 5. Nxf6+ exf6 6. d4 Bd6 7. Be2 O-O 8. Be3 Re8 9. O-O Na6 10. Qd2 Nc7 11. c4 a5 12. Rfd1 Be6 13. Rac1 Qd7 14. d5 cxd5 15. Nd4 Bg4 16. cxd5 Bb4 17. Bxg4 Qxg4 18. Rxc7 Bxd2 19. Rxd2 Rac8 20. d6 Red8 21. h3 Qe4 22. Rdc2 Rb8 23. d7 Qd5 24. R2c5 Qd6 25. Nf5 Qd1+ 26. Kh2 Rxd7 27. Bf4 Rxc7 28. Rxc7 Rd8 29. Nd6 Rxd6 0-1


[Site "https://www.chess.com"]

[Event "Titled Tuesday Blitz August 31 2021"]
[White "Andreikin, Dmitry"]
[Black "Iskusnyh, Sergei"]
[WhiteFideId "4158814"]
[BlackFideId "4120027"]
[WhiteElo "2782"]
[BlackElo "2492"]
[Result "1-0"]
[Round "02"]
[TimeControl "180+1"]
[Date "2021.08.31"]
[WhiteClock "0:00:53"]
[BlackClock "0:00:10"]

1. Nf3 d5 2. d4 Nf6 3. c4 c6 4. Nc3 a6 5. g3 e6 6. Bg2 Nbd7 7. O-O dxc4 8. e4 Be7 9. a4 a5 10. Qe2 b6 11. Rd1 O-O 12. Qxc4 Ba6 13. Qb3 Bb4 14. Bg5 h6 15. Bxf6 Qxf6 16. e5 Qe7 17. Ne4 Rac8 18. Qe3 b5 19. Bf1 Bb7 20. Rac1 bxa4 21. Nc5 Nb6 22. Qe4 Nd5 23. Bd3 f5 24. exf6 Qxf6 25. Qh7+ Kf7 26. Ne5+ Ke8 27. Qg6+ Kd8 28. Nxb7+ Kc7 29. Rxc6+ Kxb7 30. Ba6+ Kb8 31. Rxc8+ 1-0


[Site "https://www.chess.com"]

[Event "Titled Tuesday Blitz August 31 2021"]
[White "Arabidze, Meri"]
[Black "Semcesen, Daniel"]
[WhiteFideId "13604040"]
[BlackFideId "1706993"]
[WhiteElo "2432"]
[BlackElo "2505"]
[Result "1-0"]
[Round "02"]
[TimeControl "180+1"]
[Date "2021.08.31"]
[WhiteClock "0:00:27"]
[BlackClock "0:00:01"]

1. Nf3 Nf6 2. d4 e6 3. c4 b6 4. Nc3 Bb7 5. Qc2 Bb4 6. e3 O-O 7. Bd3 d5 8. cxd5 exd5 9. O-O a6 10. Ne5 Nbd7 11. f4 Re8 12. Bd2 Bd6 13. Be1 h6 14. Bh4 Be7 15. Bf5 Nxe5 16. fxe5 Ne4 17. Bxe7 Qxe7 18. Nxe4 dxe4 19. Bxe4 Bxe4 20. Qxe4 c5 21. Rf2 Ra7 22. Raf1 Qe6 23. Rf5 cxd4 24. exd4 Rd7 25. b3 Red8 26. Qf3 Rxd4 27. Rxf7 Qxe5 28. Ra7 R4d7 29. Rxa6 Qc5+ 30. Kh1 Qb5 31. Ra4 Rd2 32. h3 Kh8 33. Qf5 Qe2 34. Rg4 Rxa2 35. Qf7 Rg8 36. b4 Rd2 37. Rg3 Rd1 38. Rxd1 Qxd1+ 39. Kh2 Qd6 40. b5 Qe5 41. Qd7 Rb8 42. h4 Rf8 43. Kh3 Qf5+ 44. Qxf5 Rxf5 45. Rb3 Rc5 46. g4 Kh7 47. Kg3 Kg6 48. Rb4 Kf6 49. Kf4 Ke6 50. g5 g6 51. gxh6 Rh5 52. Re4+ Kf6 53. Kg4 Rxh6 54. Rc4 Rh5 55. Rc6+ Kg7 56. Rxb6 Rc5 57. Rb8 Rc4+ 58. Kg3 Rb4 59. b6 Kh7 60. Kf3 Kg7 61. Ke3 Kh7 62. Kd3 Rxh4 63. Kc3 Rh1 64. Kc4 Rb1 65. Kc5 Kh6 66. Rh8+ Kg5 67. Kc6 Kf4 68. b7 g5 69. Rf8+ Ke3 70. Rf5 1-0


[Site "https://www.chess.com"]

[Event "Titled Tuesday Blitz August 31 2021"]
[White "Baskin, Robert"]
[Black "Hansen, Sune Berg"]
[WhiteFideId "24662402"]
[BlackFideId "1400266"]
[WhiteElo "2462"]
[BlackElo "2704"]
[Result "0-1"]
[Round "02"]
[TimeControl "180+1"]
[Date "2021.08.31"]
[WhiteClock "0:00:04"]
[BlackClock "0:00:17"]

1. e4 e5 2. Nf3 Nc6 3. Bc4 Nf6 4. Ng5 d5 5. exd5 Na5 6. Bb5+ c6 7. dxc6 bxc6 8. Bd3 Nd5 9. h4 Qc7 10. Nc3 Bc5 11. Qf3 Nf4 12. Bf1 h6 13. Nge4 Bb6 14. d3 Ne6 15. Be3 O-O 16. Ng3 f5 17. O-O-O f4 18. Bxb6 axb6 19. Nge4 b5 20. Qh5 b4 21. Na4 Nd4 22. g3 Nb7 23. b3 Rxa4 24. bxa4 Qa5 25. Nd2 Qxa4 26. Nb3 Qa3+ 27. Kd2 Nxc2 28. gxf4 Qxa2 29. Nc1 Qb2 30. Qxe5 Nd4+ 31. Ke3 Nd6 32. Rg1 N6f5+ 33. Ke4 Be6 34. Rxg7+ Nxg7 35. Qxd4 Bd5+ 36. Ke5 Re8+ 0-1


[Site "https://www.chess.com"]

[Event "Titled Tuesday Blitz August 31 2021"]
[White "Bortnyk, Olexandr"]
[Black "Dobrowolski, Piotr"]
[WhiteFideId "14120828"]
[BlackFideId "1106236"]
[WhiteElo "2723"]
[BlackElo "2296"]
[Result "1-0"]
[Round "02"]
[TimeControl "180+1"]
[Date "2021.08.31"]
[WhiteClock "0:01:30"]
[BlackClock "0:00:35"]

1. e4 e6 2. d4 d5 3. Nc3 Nf6 4. Bg5 Be7 5. e5 Nfd7 6. h4 h6 7. Bxe7 Qxe7 8. Qg4 O-O 9. f4 c5 10. Nf3 Nc6 11. O-O-O f5 12. Qg6 a6 13. Ng5 hxg5 14. hxg5 Qe8 15. Qh7+ Kf7 16. Be2 Ke7 17. Bh5 Rf7 18. Nxd5+ Kd8 19. Bxf7 Qxf7 20. Qh8+ Nf8 21. g6 Qe8 22. Nb6 Rb8 23. dxc5+ Kc7 24. Qxg7+ Ne7 25. Rh8 Bd7 26. Rxf8 Qxf8 27. Rxd7+ 1-0


[Site "https://www.chess.com"]

[Event "Titled Tuesday Blitz August 31 2021"]
[White "Buscar, Michael"]
[Black "Polivanov, Anatoliy"]
[WhiteFideId "2603616"]
[BlackFideId "14109468"]
[WhiteElo "2010"]
[BlackElo "2472"]
[Result "0-1"]
[Round "02"]
[TimeControl "180+1"]
[Date "2021.08.31"]
[WhiteClock "0:00:01"]
[BlackClock "0:00:20"]

1. d4 f5 2. g3 Nf6 3. Bg2 g6 4. Nh3 Bg7 5. Nd2 O-O 6. Nf4 e6 7. Nf3 d6 8. h4 Nc6 9. h5 e5 10. Nxg6 hxg6 11. hxg6 Qe8 12. dxe5 dxe5 13. Bh6 Qxg6 14. Bxg7 Qxg7 15. Qd2 Rd8 16. Qe3 e4 17. Qb3+ Kf8 18. Qa3+ Rd6 19. Nd2 Nd4 20. O-O-O Be6 21. e3 Nc6 22. Nb3 Rd8 23. Rxd6 cxd6 24. Na5 Kg8 25. Bf1 Ng4 26. Bb5 Nxf2 27. Rh2 Qxg3 28. Nxb7 Qg1+ 29. Kd2 Qd1+ 30. Kc3 Qe1# 0-1


[Site "https://www.chess.com"]

[Event "Titled Tuesday Blitz August 31 2021"]
[White "Chigaev, Maksim"]
[Black "Bilan, Danila"]
[WhiteFideId "4108116"]
[BlackFideId "24161918"]
[WhiteElo "2579"]
[BlackElo "2164"]
[Result "1-0"]
[Round "02"]
[TimeControl "180+1"]
[Date "2021.08.31"]
[WhiteClock "0:00:56"]
[BlackClock "0:00:18"]

1. d4 d5 2. Nc3 Nf6 3. Bf4 a6 4. e3 Bf5 5. Nf3 e6 6. Ne5 Nbd7 7. g4 Bg6 8. h4 h5 9. Nxg6 fxg6 10. g5 Ng8 11. Qd3 Ne7 12. Bh3 Nf5 13. e4 dxe4 14. Qxe4 Kf7 15. O-O-O Bd6 16. Bxd6 cxd6 17. d5 Qe7 18. Rhe1 e5 19. Bxf5 gxf5 20. Qxf5+ Kg8 21. Qe6+ Kf8 22. Ne4 Nc5 23. Nxc5 dxc5 24. Rxe5 Qxe6 25. dxe6 Rc8 26. Rd7 b5 27. Rf5+ Ke8 28. Rff7 g6 29. Rde7+ Kd8 30. Ra7 Ke8 31. Rf6 Rf8 32. f4 Rxf6 33. gxf6 Rc6 34. Ra8+ 1-0


[Site "https://www.chess.com"]

[Event "Titled Tuesday Blitz August 31 2021"]
[White "Cruz Lledo, Pablo"]
[Black "Martin Duque, Jesus"]
[WhiteFideId "2297361"]
[BlackFideId "2208954"]
[WhiteElo "2383"]
[BlackElo "2224"]
[Result "0-1"]
[Round "02"]
[TimeControl "180+1"]
[Date "2021.08.31"]
[WhiteClock "0:01:20"]
[BlackClock "0:01:11"]

1. g3 Nf6 2. Nh3 c5 3. Bg2 Nc6 4. O-O b6 5. f3 Bb7 6. Nf2 d5 7. b3 g6 8. Bb2 Bg7 9. c4 O-O 10. e3 e6 11. cxd5 exd5 12. d4 Re8 13. Re1 Rc8 14. dxc5 bxc5 15. Nc3 d4 16. Nce4 Nxe4 17. Nxe4 Nb4 18. exd4 Bxe4 19. Rxe4 Rxe4 20. fxe4 cxd4 21. a3 Nc2 22. Rc1 d3 23. Bxg7 Kxg7 24. Qd2 Qb6+ 25. Qf2 d2 26. Rd1 Ne3 27. Rxd2 Rc1+ 0-1


[Site "https://www.chess.com"]

[Event "Titled Tuesday Blitz August 31 2021"]
[White "Cunha, Lucas Aguiar"]
[Black "Malicka, Maria"]
[WhiteFideId "2125404"]
[BlackFideId "1197576"]
[WhiteElo "2361"]
[BlackElo "1882"]
[Result "1-0"]
[Round "02"]
[TimeControl "180+1"]
[Date "2021.08.31"]
[WhiteClock "0:02:37"]
[BlackClock "0:02:25"]

1. e4 c5 2. Nf3 d6 3. d4 cxd4 4. Qxd4 Nf6 5. e5 Nc6 6. Bb5 dxe5 7. Bxc6+ bxc6 8. Qxd8+ Kxd8 9. Nxe5 Ke8 10. O-O Bb7 11. Rd1 e6 12. c4 Be7 13. Be3 c5 14. Nc3 Ne4 15. Nb5 Rc8 16. Nxa7 Rb8 17. Nb5 f6 18. Nc7+ 1-0


[Site "https://www.chess.com"]

[Event "Titled Tuesday Blitz August 31 2021"]
[White "Czopor, Maciej"]
[Black "Petriashvili, Nikoloz"]
[WhiteFideId "21805431"]
[BlackFideId "13611216"]
[WhiteElo "1999"]
[BlackElo "2430"]
[Result "0-1"]
[Round "02"]
[TimeControl "180+1"]
[Date "2021.08.31"]
[WhiteClock "0:00:02"]
[BlackClock "0:00:43"]

1. e4 c5 2. Nf3 Nc6 3. d4 cxd4 4. Nxd4 e5 5. Nb5 d6 6. N1c3 a6 7. Na3 b5 8. Nd5 Nf6 9. Bg5 Be7 10. Bxf6 Bxf6 11. c4 b4 12. Nc2 a5 13. g3 O-O 14. h4 Be6 15. Bh3 Bxd5 16. Qxd5 Nd4 17. Nxd4 exd4 18. O-O Re8 19. Qf5 g6 20. Qf3 a4 21. Rfe1 Ra5 22. Bf1 d3 23. Rab1 a3 24. b3 d2 25. Re3 Bc3 26. Rd3 Rae5 27. Bg2 Rxe4 28. Qxe4 Rxe4 29. Bxe4 Qe7 30. Re3 Qf6 31. Rf1 Bd4 32. Rf3 Qe5 33. Bc2 f5 34. Kg2 Kg7 35. Rd3 Qe4+ 36. Kg1 Qe5 37. Kg2 Bc3 38. Rd5 Qe6 39. Bd1 Qe4+ 40. Kg1 Qb1 41. Rxd6 Qxa2 42. c5 Qb2 43. c6 Be5 44. Rd7+ Kh6 45. c7 Qc3 46. Rxd2 Bxc7 47. Rc2 Qe5 48. Ra2 Bb6 49. Kg2 Qd5+ 50. Kg1 f4 51. g4 f3 52. Bxf3 Qxf3 0-1


[Site "https://www.chess.com"]